 Dungeon Crawl Stone Soup version 0.18.1-1-g2f07953 (webtiles) character file.

1285 Scarto the Ducker (level 8, 0/79 HPs)
             Began as a Troll Berserker on May 7, 2016.
             Was an Elder of Trog.
             Slain by a worker ant (7 damage)
             ... on level 6 of the Dungeon.
             The game lasted 00:08:24 (4838 turns).

Scarto the Ducker (Troll Berserker)                 Turns: 4838, Time: 00:08:25

Health: 0/79       AC: -6    Str: 28    XL:     8   Next: 29%
Magic:  7/7        EV: 11    Int:  3    God:    Trog [****..]
Gold:   422        SH:  0    Dex:  9    Spells: 0 memorised, 7 levels left

rFire  . . .     SeeInvis .     E - +2 flail (holy)
rCold  . . .     Gourm    +     a - +0 animal skin
rNeg   . . .     Faith    .     (no shield)
rPois  .         Spirit   .     (helmet restricted)
rElec  .         Dismiss  .     y - +1 cloak {MR+}
rCorr  .         Reflect  .     (gloves unavailable)
SustAt .         Harm     .     (boots unavailable)
MR     +++..                    (no amulet)
Stlth  ++........               (no ring)
                                A - ring of stealth

@: lethally poisoned (0 -> -1), corroded, regenerating, extremely resistant to
hostile enchantments, unstealthy
A: unfitting armour, claws 3, horns 1, blurry vision 1, deformed body, fast
metabolism 3, gourmand, regeneration 2, shaggy fur 1, tough skin 2, wild magic 1
a: Berserk, Trog's Hand, Brothers in Arms, Burn Spellbooks, Renounce Religion


You were on level 6 of the Dungeon.
You worshipped Trog.
Trog was greatly pleased with you.
You were not hungry.

You visited 1 branch of the dungeon, and saw 6 of its levels.

You collected 422 gold pieces.

Inventory:

Hand Weapons
 s - a +0 war axe
 E - a +2 flail of holy wrath (weapon)
Armour
 a - a +0 animal skin (worn)
 y - a +1 cloak of magic resistance (worn)
Jewellery
 A - a ring of stealth (left claw)
Wands
 v - a wand of iceblast (11/15)
 C - a wand of polymorph (6/24)
Scrolls
 c - 2 scrolls of identify {unknown}
 d - a scroll of magic mapping {unknown}
 e - a scroll of random uselessness {unknown}
 k - a scroll of immolation {unknown}
 l - 6 scrolls of teleportation {unknown}
 m - a scroll of remove curse {unknown}
 p - 2 scrolls of recharging {unknown}
 w - a scroll of noise {unknown}
Potions
 b - a potion of degeneration {unknown}
 f - 6 potions of curing {unknown}
 g - 2 potions of haste {unknown}
 h - a potion of ambrosia {unknown}
 n - a potion of flight {unknown}
 o - a potion of agility {unknown}
 q - a potion of cure mutation {unknown}
 r - a potion of invisibility {unknown}
 z - a potion of might {unknown}
 B - a potion of beneficial mutation {unknown}
Books
 D - a book of Fire

   Spells                             Type                      Level
   a - Ignite Poison                  Fire/Transmutation/Poison    3
   b - Fireball                       Conjuration/Fire             5
   c - Bolt of Fire                   Conjuration/Fire             6
   d - Delayed Fireball               Conjuration/Fire             7
   e - Ring of Flames                 Charms/Fire                  7
   Trog disapproves of the use of such an item.
Comestibles
 i - a slice of pizza
 j - a beef jerky
 t - 7 fruits
 u - a royal jelly
 x - 2 meat rations


   Skills:
 + Level 4.3 Fighting
 + Level 3.3(3.4) Axes
 + Level 0.6(2.4) Maces & Flails
 + Level 6.5 Dodging
 + Level 1.4 Stealth
 + Level 3.4 Unarmed Combat


You had 7 spell levels left.
You didn't know any spells.

Dungeon Overview and Level Annotations

Branches:
Dungeon (6/15)
 Temple: D:4-7

Altars:
Cheibriados
Elyvilon
Nemelex Xobeh
Okawaru
Trog
The Shining One

Annotations:
D:6 Dowan, Duvessa


Innate Abilities, Weirdness & Mutations

You are too large for most types of armour.
You have claws for hands.
Your metabolism is lightning-fast.
You like to eat raw meat.
You heal very quickly.
You are covered in fur (AC +1).
You have very tough skin (AC +2).
You have a pair of small horns on your head.
Scrolls take you a little longer to read.
Armour fits poorly on your strangely shaped body.
Your spells are a little harder to cast, but a little more powerful.


Message History

You feel sick. The giant frog skeleton hits you.
* * * LOW HITPOINT WARNING * * *
Dowan casts a spell.
Dowan blinks!
You feel sick.
Duvessa says, "Where magic fails, the sword succeeds!"
You feel sick.
A giant frog comes into view.
You feel sick.
The giant frog skeleton barely misses you.
Found a dagger.
You feel sick.
You feel sick. The giant frog skeleton hits you.
* * * LOW HITPOINT WARNING * * *
Your skin crawls.
You feel resistant to hostile enchantments.
You feel slightly more hungry.
You feel sick.
The giant frog skeleton barely misses you.
The worker ant bites you!
You die...

.......# # .......# .###..#
.. .......##....... ###
.....
....)...............##. ...
..##............. .... ....
........#....>..# #F.#.....
................# #..#...).
....#...#..#..#.###........
...##......#....@Z.e......#
....#......#...a###...###.
...##...#.............#
.#.##...#..#..#.#e#####
...##...#..#....#.# ###
..............!...##....
........................
.......###.......Y##.###
##...### #.....#..# #


You could see Duvessa, a worker ant and a giant frog skeleton.

Vanquished Creatures
  Edmund (D:5)
  2 sky beasts
  An ogre (D:5)
  2 giant frogs (D:6)
  A jelly (D:6)
  A scorpion (D:4)
  A crimson imp (D:4)
  A centaur zombie (D:6)
  A quasit (D:3)
  5 hounds
  Natasha (thrice) (D:3)
  An iguana (D:5)
  5 orc wizards
  A hound skeleton (D:4)
  10 adders
  4 dart slugs
  3 giant geckos
  11 orcs
  6 bats
  8 giant cockroaches
  6 goblins
  5 hobgoblins
  7 jackals
  5 kobolds
  2 quokkas (D:3)
  A ball python skeleton (D:5)
  4 giant newts
  A quokka skeleton (D:4)
  5 rats
104 creatures vanquished.

Notes
Turn   | Place    | Note
--------------------------------------------------------------
     0 | D:1      | Scarto the Troll Berserker began the quest for the Orb.
     0 | D:1      | Reached XP level 1. HP: 22/22 MP: 0/0
   198 | D:1      | Reached XP level 2. HP: 28/29 MP: 1/1
   746 | D:2      | Reached XP level 3. HP: 33/36 MP: 2/2
   827 | D:2      | Reached skill level 3 in Dodging
   978 | D:2      | Reached ** piety under Trog
  1160 | D:2      | Found a faded altar to an unknown god.
  1554 | D:3      | Reached XP level 4. HP: 45/45 MP: 3/3
  1958 | D:3      | Reached XP level 5. HP: 40/53 MP: 4/4
  2071 | D:3      | Found a glowing golden altar of the Shining One.
  2073 | D:3      | Found a white marble altar of Elyvilon.
  2079 | D:3      | Found a bloodstained altar of Trog.
  2079 | D:3      | Found a sparkling altar of Nemelex Xobeh.
  2081 | D:3      | Found an iron altar of Okawaru.
  2173 | D:3      | Reached skill level 4 in Dodging
  2257 | D:3      | Noticed Natasha
  2261 | D:3      | Killed Natasha
  2332 | D:3      | Reached skill level 1 in Axes
  2409 | D:3      | Noticed Natasha
  2423 | D:3      | Killed Natasha
  2572 | D:3      | Noticed Natasha
  2581 | D:3      | Killed Natasha
  2749 | D:4      | Reached XP level 6. HP: 61/61 MP: 5/5
  2971 | D:4      | Reached *** piety under Trog
  3276 | D:4      | Reached skill level 5 in Dodging
  3505 | D:4      | You fall through a shaft for 2 floors!
  3513 | D:6      | Reached XP level 7. HP: 46/68 MP: 6/6
  3710 | D:6      | Noticed Duvessa
  3729 | D:5      | Entered Level 5 of the Dungeon
  3772 | D:5      | Gained mutation: You are agile. (Dex +2) [mutagenic meat]
  3773 | D:5      | Gained mutation: Armour fits poorly on your strangely shaped body. [mutagenic meat]
  3774 | D:5      | Gained mutation: Your spells are a little harder to cast, but a little more powerful. [mutagenic meat]
  3775 | D:5      | Gained mutation: Scrolls take you a little longer to read. [mutagenic meat]
  3776 | D:5      | Gained mutation: You have a pair of small horns on your head. [mutagenic meat]
  3777 | D:5      | Lost mutation: You are agile. (Dex +2) [mutagenic meat]
  3884 | D:5      | Noticed Edmund
  3892 | D:5      | Killed Edmund
  3892 | D:5      | Reached skill level 6 in Dodging
  3998 | D:5      | Reached skill level 1 in Stealth
  4053 | D:5      | Found a snail-covered altar of Cheibriados.
  4151 | D:5      | Reached XP level 8. HP: 24/78 MP: 7/7
  4700 | D:5      | Reached **** piety under Trog
  4821 | D:6      | Noticed Dowan
  4838 | D:6      | Slain by a worker ant

Skill      XL: |  1  2  3  4  5  6  7 |
---------------+----------------------+-----
Dodging        | 3 4 5 6 |  6.5
Fighting       | 3 4 |  4.3
Axes           | 1 2 3 |  3.3
Stealth        | 1 |  1.4
Maces & Flails | |  0.6
Unarmed Combat | |  3.4

Action                   |  1- 3 |  4- 6 |  7- 9 || total
-------------------------+-------+-------+-------++-------
Melee: Unarmed           |    78 |       |       ||    78
       War axe           |    11 |   175 |    48 ||   234
       Punch             |       |     2 |     1 ||     3
       Flail             |       |       |    58 ||    58
       Headbutt          |       |       |    20 ||    20
Invok: Berserk           |       |     7 |     3 ||    10
       Trog's Hand       |       |     1 |     2 ||     3
 Stab: Sleeping          |       |     1 |     3 ||     4
  Eat: Chunk             |     9 |    20 |    18 ||    47
       Bread ration      |     1 |     2 |       ||     3
       Pizza             |       |       |     1 ||     1
Armor: Animal skin       |    59 |   119 |    46 ||   224
Dodge: Dodged            |    52 |   157 |    67 ||   276
